Cogmind - Beta 16 --- EXPLORER MODE // 2025.11.27 @ 10:44:33 Player: K.K.Y. Result: Destroyed by 1S-LZT(R) with Subdweller Laser Performance ------------- Evolutions (0) 0 Regions Visited (3) 600 Robots Destroyed (27) 135 Value Destroyed (655) 655 Prototype IDs (0) 0 Alien Tech Used (0) 0 Bonus (0) 0 TOTAL SCORE: 1390 Bonus ------- None Cogmind --------- Core Integrity 0/250 Matter 267/300 Energy 68/100 System Corruption 1% Temperature Cool (6) Movement Core (750) Ox14 Location -10/Subcaves Parts ------- > --- POWER (1) -------- (None) > --- PROPULSION (3) --- (None) > --- UTILITY (2) ------ High-capacity Storage Unit > --- WEAPON (2) ------- Battle Rifle Battle Rifle > --- INVENTORY (20) --- Small Storage Unit Medium Storage Unit Signal Interpreter Core Shielding Core Shielding Makeshift Light Armor Plating Scrap Shield Barrage Gun Makeshift Shrapnel Gun Multitool Makeshift Sword Makeshift Sword Peak State ------------ > --- POWER ------------ Improved Ion Engine > --- PROPULSION ------- Subdweller Monowheel Subdweller Monowheel > --- UTILITY ---------- High-capacity Storage Unit Sensor Array > --- WEAPON ----------- Battle Rifle Mining Laser > --- INVENTORY -------- Small Storage Unit Medium Storage Unit Signal Interpreter Core Shielding Core Shielding Makeshift Light Armor Plating Scrap Shield Battle Rifle Battle Rifle Barrage Gun Makeshift Shrapnel Gun Multitool Makeshift Sword [Rating: 14] Favorites ----------- Power Improved Ion Engine Engine Improved Ion Engine Propulsion Flight Unit Leg Aluminum Leg Wheel Subdweller Monowheel Flight Unit Flight Unit Utility Sensor Array Device Sensor Array Storage High-capacity Storage Unit Weapon Battle Rifle Energy Gun Medium Laser Ballistic Gun Battle Rifle Special Weapon Mining Laser Build | -11 -10 -10 -10 ------- Run | Yrd Mat Min Sub Slots Evolved 1 | . 1 . . Power . | . . . . Propulsion 1 | . 1 . . Utility . | . . . . Weapon . | . . . . Parts Attached 22 | 4 10 . 8 Power 3 | . 2 . 1 Engine 3 | . 2 . 1 Core . | . . . . Reactor . | . . . . Propulsion 8 | 2 4 . 2 Treads . | . . . . Leg 3 | 2 1 . . Wheel 2 | . . . 2 Hover . | . . . . Flight 3 | . 3 . . Utility 4 | 2 1 . 1 Device 1 | 1 . . . Storage 3 | 1 1 . 1 Processor . | . . . . Hackware . | . . . . Protection . | . . . . Artifact . | . . . . Weapon 7 | . 3 . 4 Energy Gun 2 | . 2 . . Energy Cannon . | . . . . Ballistic Gun 4 | . 1 . 3 Ballistic Cannon . | . . . . Launcher . | . . . . Special Weapon 1 | . . . 1 Impact Weapon . | . . . . Slashing Weapon . | . . . . Piercing Weapon . | . . . . Special Melee Weapon . | . . . . Unidentified Prototypes . | . . . . Parts Lost 8 | . . . 8 Power 2 | . . . 2 Propulsion 2 | . . . 2 Utility 1 | . . . 1 Weapon 3 | . . . 3 Highest Loss Streak 4 | . . . 4 To Critical Strikes 1 | . . . 1 Average Backups 10 | 3 4 6 12 Power . | . . . . Propulsion . | 1 . . . Utility 5 | . 1 5 6 Weapon 4 | 1 1 1 5 Tool/Special . | . . . . Unused Backups 12 | . 2 . 10 Power . | . . . . Propulsion 2 | . 2 . . Utility 5 | . . . 5 Weapon 4 | . . . 4 Tool/Special 1 | . . . 1 Average Slot Usage (%) 69 | . 76 100 67 Engine 11 | . 6 12 11 Leg 3 | . 21 . . Wheel 2 | . . . 3 Flight 4 | . 5 37 3 Device 11 | . 12 12 11 Storage 12 | . 12 12 12 Energy Gun 4 | . 15 12 1 Ballistic Gun 10 | . . 12 12 Special Weapon 7 | . . . 9 Peak Build Rating 14 | 4 8 9 14 Average Rating 9 | 1 6 8 10 On Entrance 5 | . 4 8 9 Avg Prop Armor Cover (%) 4 | . 10 . 3 Naked Turns . | . . . . Heaviest Build 52 | 11 18 12 52 Greatest Support 40 | 20 30 12 40 Greatest Overweight (x) 16 | 3 3 . 16 Average Overweight (x) 3 | 1 . . 6 Largest Inventory Capacity 20 | 10 10 8 20 Average Capacity 17 | 8 9 8 19 Most Carried 15 | 5 8 7 15 Average Carried 11 | 4 4 6 13 Final Capacity 20 | 10 8 8 20 Final Carried 13 | 3 6 7 13 Class Distribution -------------------- 92% | Hacker-Mutant 7% | Scavenger-Mutant Dominant Class ---------------- Hacker-Mutant | -10/Materials Scavenger-Mutant | -10/Mines Hacker-Mutant | -10/Subcaves Resources | -11 -10 -10 -10 ----------- Run | Yrd Mat Min Sub Matter Collected 612 | 220 168 . 224 Remotely . | . . . . Salvage Created 915 | . 583 . 332 Parts 58 | . 31 . 27 Haulers Intercepted 2 | . 2 . . Recyclers Shooed . | . . . . Parts Field Recycled . | . . . . Retrieved Matter . | . . . . Parts Self-Destructed . | . . . . Prevented . | . . . . Parts Restored . | . . . . Kills | -11 -10 -10 -10 ------- Run | Yrd Mat Min Sub Combat Hostiles Destroyed 19 | . 10 . 9 Guns 19 | . 10 . 9 Classes Destroyed 8 | . 6 . 2 Worker 2 | . 2 . . Hauler 2 | . 2 . . Recycler 2 | . 2 . . Watcher 2 | . 2 . . Swarmer 5 | . 4 . 1 Grunt 6 | . 6 . . Sentry 1 | . . . 1 Subdweller 7 | . . . 7 Best Kill Streak 5 | . 5 . 2 Combat Bots Only 2 | . 2 . 2 Max Kills in Single Turn 2 | . 2 . 1 Gunslinging 1 | . 1 . . Exploded . | . . . . Melee . | . . . . Uniques/NPCs Destroyed . | . . . . Combat | -11 -10 -10 -10 -------- Run | Yrd Mat Min Sub Hostile Shots Fired 132 | . 56 . 76 Missed 44 | . 21 . 23 Hits 88 | . 35 . 53 Projectile 88 | . 35 . 53 Critical Strikes 6 | . 1 . 5 Damage Taken 923 | . 277 . 646 Core 250 | . 59 . 191 Absorbed by Shields . | . . . . Ignored by Resistances 567 | . 181 . 386 Core Remaining (%) 100 | 100 . . . Volleys Fired 112 | . 47 . 65 Largest 2 | . 2 . 2 Hottest 125 | . 100 . 125 Shots Fired 177 | . 75 . 102 Gun 163 | . 75 . 88 Cannon . | . . . . Launcher . | . . . . Special 14 | . . . 14 Kinetic 71 | . 4 . 67 Thermal 106 | . 71 . 35 Explosive . | . . . . Electromagnetic . | . . . . Robot Hit Streak 32 | . 13 . 32 Robot Miss Streak 3 | . 3 . 1 Penetration Max . | . . . . Secondary Targets 1 | . 1 . . Max Gunslinging Chain 1 | . 1 . . Shots Hit Robots 126 | . 60 . 66 Core Hits 49 | . 29 . 20 Critical Kills . | . . . . Critical Parts Destroyed . | . . . . Critical Strikes 9 | . 5 . 4 Burn 9 | . 5 . 4 Melee Attacks . | . . . . Impact . | . . . . Slashing . | . . . . Piercing . | . . . . Sneak Attacks . | . . . . Combat Hostiles . | . . . . Follow-up Attacks . | . . . . Damage Inflicted 1486 | . 771 . 715 Guns 1462 | . 771 . 691 Cannons . | . . . . Explosions . | . . . . Melee . | . . . . Ramming . | . . . . Kinetic 535 | . 17 . 518 Thermal 951 | . 754 . 197 Explosive . | . . . . Electromagnetic . | . . . . Impact . | . . . . Slashing . | . . . . Piercing . | . . . . Highest Corruption 1 | . 1 1 1 Average Corruption 1 | . 1 1 1 Corruption Purged . | . . . . Corruption Blocked . | . . . . Effects 10 | . . . 10 Message Errors 1 | . . . 1 Matter Fused 2 | . . . 2 Heat Flow Errors 2 | . . . 2 Energy Discharges 1 | . . . 1 Data Loss (minor) 2 | . . . 2 Data Loss (major) 1 | . . . 1 Misfires 1 | . . . 1 Overload Shots . | . . . . Overflow Damage . | . . . . Projectiles . | . . . . Explosions . | . . . . Melee . | . . . . Knockbacks . | . . . . Impact . | . . . . Kinetic . | . . . . Secondary . | . . . . Self-Inflicted Damage . | . . . . Shots . | . . . . Rammed . | . . . . Targets Rammed . | . . . . Kicked . | . . . . Crushed . | . . . . Highest Temperature 505 | . 505 . 219 Average Temperature 195 | . 210 . 54 Received Heat Transfer 375 | . 216 . 159 Effects 14 | . 14 . . Shutdowns 4 | . 4 . . Energy Bleed 2 | . 2 . . Interference 3 | . 3 . . Matter Decay 1 | . 1 . . Damage (minor) 1 | . 1 . . Damage (major) 3 | . 3 . . Siege Activations . | . . . . Martial Activations . | . . . . Shielding Activations . | . . . . Robots Disrupted . | . . . . Combat Hostiles . | . . . . Robots Corrupted . | . . . . Combat Hostiles . | . . . . Parts Fried . | . . . . Impact Corruptions . | . . . . Robots Melted 1 | . 1 . . Combat Hostiles . | . . . . Parts Melted 3 | . 3 . . Heat Transferred 3454 | . 2590 . 864 Parts Sabotaged . | . . . . Parts Stolen . | . . . . Parts Stripped . | . . . . Power Chain Reactions . | . . . . Alert | -11 -10 -10 -10 ------- Run | Yrd Mat Min Sub Maximum Alert Level . | . . . . Low Security (%) 100 | 100 100 100 . Level 1 . | . . . . Level 2 . | . . . . Level 3 . | . . . . Level 4 . | . . . . Level 5 . | . . . . High Security . | . . . . Max Security . | . . . . Peak Influence 77 | . 77 15 . Initial 15 | . . 15 . Average 24 | . 29 5 . Influence Increases 356 | . 316 . 40 Destroy 0b10 Robot/C 240 | . 200 . 40 Destroy 0b10 Robot/NC 40 | . 40 . . Destroy Leader 48 | . 48 . . Successful Hack 28 | . 28 . . Influence Decreases 356 | . 260 56 40 Entered New Map 41 | . . 41 . Time Decay 315 | . 260 15 40 Squads Dispatched . | . . . . Investigation . | . . . . Extermination . | . . . . Reinforcement . | . . . . Assault . | . . . . Garrison . | . . . . Intercept . | . . . . Searches Triggered . | . . . . Construction Impeded . | . . . . Haulers Reinforced . | . . . . Active Scanning Responses . | . . . . Cargo Convoy Interrupts . | . . . . Stealth | -11 -10 -10 -10 --------- Run | Yrd Mat Min Sub Distress Signals 2 | . 2 . . Communications Jammed . | . . . . Distress Signals . | . . . . Times Spotted 32 | . 14 7 11 Peak Tracking Total 19 | . 5 19 3 Tactical Retreats 1 | . . 1 . Traps | -11 -10 -10 -10 ------- Run | Yrd Mat Min Sub Traps Triggered 3 | . 3 . . Indirectly . | . . . . Trap Hack Attempts . | . . . . Triggered . | . . . . Disarmed . | . . . . Reprogrammed . | . . . . Reused . | . . . . Traps Extracted . | . . . . Installed . | . . . . Triggered . | . . . . Machines | -11 -10 -10 -10 ---------- Run | Yrd Mat Min Sub Machines Disabled . | . . . . Max in Single Turn . | . . . . Machines Repaired . | . . . . Machines Dismantled . | . . . . Machines Sabotaged . | . . . . Overloaded Fab Kills . | . . . . Hacking | -11 -10 -10 -10 --------- Run | Yrd Mat Min Sub Machines Accessed 5 | . 4 . 1 Terminals 2 | . 2 . . Fabricators . | . . . . Repair Stations . | . . . . Recycling Units 2 | . 2 . . Scanalyzers . | . . . . Garrison Access . | . . . . Total Hacks 13 | . 9 . 4 Successful 10 | . 6 . 4 Failed 3 | . 3 . . Catastrophic . | . . . . Database Lockouts . | . . . . Manual 4 | . 4 . . Terminals 7 | . 7 . . Fabricators . | . . . . Repair Stations . | . . . . Recycling Units 2 | . 2 . . Scanalyzers . | . . . . Garrison Access . | . . . . Terminal Hacks 6 | . 2 . 4 Record 4 | . . . 4 Robot Analysis 2 | . 2 . . Fabricator Hacks . | . . . . Repair Station Hacks . | . . . . Recycling Unit Hacks 2 | . 2 . . Retrieve Components 2 | . 2 . . Scanalyzer . | . . . . Garrison Access Hacks . | . . . . Unauthorized Hacks 2 | . 2 . . Terminals 2 | . 2 . . Botnet 2 | . 2 . . Fabricators . | . . . . Repair Stations . | . . . . Recycling Units . | . . . . Scanalyzers . | . . . . Garrison Access . | . . . . Data Cores Recovered . | . . . . Used . | . . . . Hacking Detections 3 | . 3 . . Full Trace Events 1 | . 1 . . Feedback Events . | . . . . Feedback Blocked . | . . . . Robot Schematics Acquired . | . . . . Robots Built . | . . . . Authchips . | . . . . Time . | . . . . Total Robot Build Rating . | . . . . Part Schematics Acquired . | . . . . Parts Built . | . . . . Authchips . | . . . . Time . | . . . . Total Part Build Rating . | . . . . Part Studies Acquired . | . . . . Parts Repaired . | . . . . Time . | . . . . Parts Recycled . | . . . . Recycled Matter . | . . . . Retrieved Matter . | . . . . Retrieved Components 6 | . 6 . . Parts Scanalyzed . | . . . . Part Schematics Acquired . | . . . . Parts Damaged . | . . . . Bothacking | -11 -10 -10 -10 ------------ Run | Yrd Mat Min Sub Used RIF Installer . | . . . . Robots Hacked . | . . . . Non-combat . | . . . . Combat . | . . . . Robot Hacks Applied . | . . . . Relay Couplers Released . | . . . . Fabnet Peak Effective % . | . . . . Robots Rewired . | . . . . Allies Hacked . | . . . . Hacks Repelled . | . . . . Allies | -11 -10 -10 -10 -------- Run | Yrd Mat Min Sub Total Allies . | . . . . Largest Group . | . . . . Highest-Rated Group . | . . . . Highest-Rated Ally . | . . . . Total Orders . | . . . . Ally Attacks . | . . . . Total Damage . | . . . . Kills . | . . . . Allies Corrupted . | . . . . Allies Melted . | . . . . Intel | -11 -10 -10 -10 ------- Run | Yrd Mat Min Sub Active Infowar (turns) 2936 | 45 499 55 2337 Sensors 2936 | 45 499 55 2337 Robot Analysis Total 2 | . 2 . . Derelict Logs Recovered 1 | . . . 1 Drone Launches . | . . . . Drone Recoveries . | . . . . Exploration | -11 -10 -10 -10 ------------- Run | Yrd Mat Min Sub Turns Passed 2966 | 59 499 55 2353 Spaces Moved 1022 | 42 330 67 583 Core 231 | 41 . . 190 Treads . | . . . . Legs 222 | 1 221 . . Wheels 240 | . . . 240 Hover . | . . . . Flight 329 | . 109 67 153 Fastest Speed 34 | 50 34 34 34 Average Speed 244 | 101 103 34 358 Slowest Speed 1000 | 200 290 34 1000 Overloaded Moves . | . . . . Propulsion Burnouts . | . . . . Robots Hopped . | . . . . Potential Cave-ins . | . . . . Cave-ins Triggered . | . . . . Exploration Rate (%) 35 | 3 68 24 47 Regions Visited 3 Branch Regions 2 Pre-discovered Areas . | . . . . Known Exits Taken 3 | 1 1 1 . Unknown Exits Taken . | . . . . Scrap Searched 7 | . . . 7 Spaces Dug . | . . . . Terrain Destroyed . | . . . . Melee . | . . . . Projectile . | . . . . AOE . | . . . . Terrain Rammed . | . . . . Walls Destroyed . | . . . . Machines Disabled . | . . . . Actions | -11 -10 -10 -10 --------- Run | Yrd Mat Min Sub Total 1302 | 57 416 98 731 Wait 103 | 7 12 31 53 Move 1019 | 41 329 66 583 Hop . | . . . . Pick Up 26 | 5 8 1 12 Fast Attach 7 | 2 5 . . Attach 12 | 2 4 . 6 Detach 6 | . 3 . 3 Swap 5 | . 1 . 4 Drop 12 | . 7 . 5 Fire 112 | . 47 . 65 Melee . | . . . . Ram . | . . . . Kick . | . . . . Crush . | . . . . Escape Stasis . | . . . . Rewire . | . . . . Trap . | . . . . Miscellaneous . | . . . . Route ------- -11/Scrapyard -10/Materials (discovered 3 exits: *Mat x2 / *Min) -10/Mines -10/Subcaves (discovered 1 exit: Mat) History --------- Turn | Location | Event 8 | -11/Scrapyard | Identified exit to Materials 8 | -11/Scrapyard | Discovered exit to Materials (range 15) 60 | -11/Scrapyard | Entered Materials 60 | -10/Materials | Evolved 1 slot: Propulsion x1 141 | -10/Materials | Identified exit to Materials 141 | -10/Materials | Discovered exit to Materials (range 16) 303 | -10/Materials | Build established: Hacker-Mutant 337 | -10/Materials | Identified exit to Mines 337 | -10/Materials | Discovered exit to Mines (range 15) 453 | -10/Materials | Discovered exit to Materials (range 14) 559 | -10/Materials | Entered Mines 561 | -10/Mines | Assembled infested the area 566 | -10/Mines | Assisted by a Guerilla fighting off Assembled 578 | -10/Mines | A weapon hastily lodged in a ceiling crevice suddenly fell to the ground 607 | -10/Mines | Identified exit to Subcaves 607 | -10/Mines | Discovered exit to Subcaves (range 5) 614 | -10/Mines | Entered Subcaves 615 | -10/Subcaves | Identified exit to Materials 672 | -10/Subcaves | A swath of the cavern ceiling suddenly collapsed 750 | -10/Subcaves | Lost 3 parts (1p2n) 950 | -10/Subcaves | Core integrity fell below 50% 1288 | -10/Subcaves | Visited Clippyterm 1292 | -10/Subcaves | Learned 40 Factory zone layouts 2017 | -10/Subcaves | A swath of the cavern ceiling suddenly collapsed 2257 | -10/Subcaves | Shifting Twisted Machinery released Mak. Shrapnel Gun 2950 | -10/Subcaves | Visited 4L-MR0's lab 2956 | -10/Subcaves | Core integrity fell below 20% 2967 | -10/Subcaves | Destroyed by 1S-LZT(R) with Subdweller Laser Last Messages --------------- 01886_ System corrupted: Component data lost. 01918_ VW-UGQ(u) deconstructs Twisted Machinery. A swath of the cavern ceiling suddenly collapses. 02058_ VW-UGQ(u) builds Twisted Machinery. Mak. Shrapnel Gun falls loose from the Twisted Machinery. 02342_ System corrupted: Heat flow error (+258). 02451_ System corrupted: Substantial component data lost. 02618_ System corrupted: Matter fused (-6). 02717_ System corrupted: Heat flow error (+169). 02951_ Sensor Array destroyed. 02951_ Mining Laser destroyed. 02953_ Machine disabled. 02953_ Imp. Ion Engine destroyed. 02965_ Critical hit (Destroy). 02965_ Battle Rifle destroyed. 02967_ NZ-54Y(R) destroyed. Map ----- +----------------------------------------------------+ | | | | | | | | | | | | | | | | | | | | | | | | | | | | | | | | | | | | | ?????????????????????????????????????????????????? | | ?????????????????????????????????????????????????? | | ?????????????????????????????????????????????????? | | ???????????????????????????####??????????????????? | | ?????????????????#######??#<<<##?????????????????? | | ?????????????????#*" =""## < <#?????????????????? | | ??????????????????## R&R&#<< <#?????????????????? | | ??????????????????"""X"%*@<<< <#?????????????????? | | ??????????????????""""""&# <<#?????????????????? | | ??????????????????######### <<<#?????????????????? | | ?????????????????????????## << #?????????????????? | | ????????????????????######" #?????????????????? | | ????????????????????# # "^##?????????????????? | | ????????????????????## #??????????????????? | | ????????????????????#" ## #######?????????????? | | ??????????????????### "###### ##??????????### | | ????????????? ## " ### #??######## # | | ?????????? #??## | | ???????????#### ###?## # | | ??????????????### ##### ## | | ????????????????## ### ## # ## | | ?????????????????### #?## ## ###### | | ???????????????????## ##??###### # #????# | | ????????????????????#####????????## #??## | | ??????????????????????????????????# #### ### | | ??????????????????????????????????# ####### #?? | | ?????????????????????????????????## #???# ##?? | | ?????????????????????????????????# ##### #??? | | ?????????????????????????????????# ## ##?? | | ?????????????????????????????????## #?? | | ???????????????????"???????????#### #? | | ???????????????????" ###???????# # | +----------------------------------------------------+ Best States ------------- Heat Dissipation 25 Energy Generation 12 Energy Capacity 265 Matter Stores 300 Matter Capacity 300 Sight Range 16 Robot Scan Range 14 Terrain Scan Density 10 Resistance: KI 35 Resistance: TH 35 Resistance: EX 35 Resistance: EM 35 Resistance: I 35 Resistance: S 35 Resistance: P 35 Evasion (%) 63 Offensive Hacking 20 Item Schematics ----------------- None Robot Schematics ------------------ None Fabricated ------------ Nothing Repaired ---------- Nothing Studied --------- None Alien Tech Used ----------------- None Achievements -------------- None Challenges ------------ None Game ------ Seed ChargeMobileCompactor Manual? 0 Play Time 00:15:12 Cumulative 146.0 hours Start 2025.11.27 @ 10:34:13 End 2025.11.27 @ 10:44:33 Sessions 1 Manual Loads 0 Difficulty Explorer Special Mode None Game No. 177 Rogue 0 Adventurer 0 Explorer 177 Win Type - Total 0 Types 0/0/0/0/0/0/0/0/0/0 Lore% 69 Gallery% 66 Achievement% 52 Wizard Run 0 Options --------- Layout 1 ASCII 0 Keyboard 0 Movement Mouse Keybinds 0 Fullscreen 1 Font 24/Smallcaps Map View 50x35 Zoom Use 0% Tactical HUD 1 Map Filters NONE Filters NONE Steam 1 RUN: b2dba98a-f1c7-43d1-b24d-49d52c295bbb